 Dungeon Crawl Stone Soup version 0.28.0-47-ge53b351184 (webtiles) character file.

Game seed: 9207084303257608319

5791 bobregger the Nimble (level 10, -6/136 HPs)
             Began as a Red Draconian Berserker on Apr 28, 2022.
             Was a Believer of Trog.
             Mangled by a skeletal warrior
             ... wielding a +0 hand axe
             ... led by a skeletal warrior
              (14 damage)
             ... on level 8 of the Dungeon.
             The game lasted 00:14:05 (11698 turns).

bobregger the Nimble (Red Draconian Berserker)     Turns: 11698, Time: 00:14:06

Health: -6/136     AC: 25    Str: 21    XL:     10   Next: 50%
Magic:  10/10      EV:  2    Int:  7    God:    Trog [**....]
Gold:   486        SH:  0    Dex: 14    Spells: 9/9 levels left

rFire   + . .      SeeInvis .   a - +1 falchion
rCold   . . .      Faith    .   (no shield)
rNeg    . . .      Spirit   .   (armour unavailable)
rPois   +          Reflect  .   (helmet currently unavailable)
rElec   .          Harm     .   (cloak currently unavailable)
rCorr   .          Rampage  .   (gloves currently unavailable)
Will    +....      NoTele   +   (boots currently unavailable)
Stlth   +.........              (no amulet)
HPRegen 0.32/turn               g - ring of willpower
MPRegen 0.12/turn               l - ring of protection from fire

@: tree-form, on berserk cooldown, slowed, very slow
A: stationary, stasis, torment immunity, boosted hp, (breathe fire), AC +7,
unfitting armour, (fire resistance 1), (cold-blooded)
a: Renounce Religion, Berserk, Trog's Hand


You were on level 8 of the Dungeon.
You worshipped Trog.
Trog was pleased with you.
You were a tree.
You visited 1 branch of the dungeon, and saw 8 of its levels.
You also visited: Sewer.

You collected 486 gold pieces.

Inventory:

Hand Weapons
 a - a +1 falchion (weapon)
Missiles
 d - 2 throwing nets (quivered)
Armour
 i - a +2 cloak (melded)
Jewellery
 g - a ring of willpower (left branch)
 l - a ring of protection from fire (right branch)
 m - a ring of flight
Wands
 b - a wand of paralysis (6)
 j - a wand of flame (60)
 p - a wand of mindburst (14)
Scrolls
 e - 4 scrolls of enchant armour
 n - a scroll of fear
 q - a scroll of teleportation
Potions
 k - a potion of flight
Miscellaneous
 o - a condenser vane


   Skills:
 + Level 9.3 Fighting
 + Level 8.6 Long Blades
 * Level 10.6 Dodging


You had 9 spell levels left.
You didn't know any spells.
Your spell library was empty.

Dungeon Overview and Level Annotations

Branches:
Dungeon (8/15)             Temple (0/1) D:4           Sewer (visited)
   Lair: D:8-11

Altars:
Cheibriados
Elyvilon
Fedhas
Kikubaaqudgha
Trog
Vehumet
Zin
The Shining One

Shops:
D:4 *(

Annotations:
D:5 Pikel


Innate Abilities, Weirdness & Mutations

You are a tree.
Your roots penetrate the ground, keeping you stationary.
You cannot be teleported.
You are immune to unholy pain and torment.
Your maximum health is greatly increased.
Your equipment is partially melded.
((You can breathe blasts of fire.))
((Your fiery red scales are hard. (AC +7)))
You cannot fit into any form of body armour.
((Your flesh is heat resistant. (rF+)))
((You are cold-blooded and may be slowed by cold attacks.))


Message History

The skeletal warrior hits you but does no damage.
The skeletal warrior hits you with a +0 hand axe.
* * * LOW HITPOINT WARNING * * *
You feel better.
The skeletal warrior hits you but does no damage.
You feel better.
The skeletal warrior hits you with a +0 hand axe!
* * * LOW HITPOINT WARNING * * *
The skeletal warrior hits you with a +0 hand axe.
* * * LOW HITPOINT WARNING * * *
You feel better.
Your skin stops crawling.
You feel less strong-willed.
The skeletal warrior hits you but does no damage.
You feel better.
The skeletal warrior hits you with a +0 hand axe.
* * * LOW HITPOINT WARNING * * *
The skeletal warrior hits you but does no damage.
You hit the skeletal warrior but do no damage.
The skeletal warrior hits you but does no damage.
You closely miss the skeletal warrior.
The skeletal warrior hits you but does no damage.
You barely miss the skeletal warrior.
The skeletal warrior hits you with a +0 hand axe.
* * * LOW HITPOINT WARNING * * *
The skeletal warrior hits you with a +0 hand axe!
* * * LOW HITPOINT WARNING * * *
You are confused.
You feel invigorated.
The skeletal warrior hits you with a +0 hand axe.
* * * LOW HITPOINT WARNING * * *
You cannot move. (Use ctrl+direction or * direction to attack without moving.)
You cannot move. (Use ctrl+direction or * direction to attack without moving.)
You attack the rock wall.
The skeletal warrior hits you with a +0 hand axe!
* * * LOW HITPOINT WARNING * * *
The skeletal warrior barely misses you.
You attack the rock wall.
You feel less invigorated.
You feel less confused.
The skeletal warrior hits you with a +0 hand axe!
You die...

...................≈≈≈§≈≈≈≈
......................§.<§.
...........................
...........................
#######'###################
#....#........
#....#(.......
#....#........
#....z♣.......
#..###+#####.. ####


You could see a skeletal warrior.

Vanquished Creatures
  2 skeletal warriors (D:8)
  A wizard (D:8)
  Joseph (D:6)
  The ghost of issech the Cudgeller, an amateur TrMo (D:6)
  2 wyverns (D:8)
  6 yaks
  Edmund (D:4)
  Duvessa (D:7)
  2 black bears
  2 sky beasts
  An ice beast (D:6)
  2 orc warriors
  2 ogres (D:6)
  A centaur (D:6)
  4 lemures
  2 kobold brigands
  A wyvern zombie (D:4)
  2 bullfrogs
  Dowan (D:7)
  3 killer bees (D:4)
  2 howler monkeys
  A bullfrog zombie (D:6)
  A lava snake (D:8)
  5 orc priests
  Crazy Yiuf (D:2)
  3 hounds
  A jelly (D:5)
  A bullfrog skeleton (D:5)
  A scorpion zombie (D:5)
  A hell rat (Sewer)
  An iguana (D:4)
  5 orc wizards
  A hound skeleton (D:4)
  4 gnolls (D:6)
  9 adders
  A river rat (Sewer)
  2 shadow imps
  2 white imps (D:7)
  An ufetubus (D:4)
  6 worms
  5 dart slugs
  14 orcs
  7 endoplasms
  7 giant cockroaches
  8 goblins
  9 hobgoblins
  4 jackals (D:1)
  8 kobolds
  5 quokkas
  11 ball pythons
  A bat (D:1)
  8 frilled lizards (D:1)
  6 rats
180 creatures vanquished.

Vanquished Creatures (others)
  A butterfly (D:4)
  3 plants (D:1)
4 creatures vanquished.

Grand Total: 184 creatures vanquished

Notes
Turn   | Place    | Note
-------+----------+-------------------------------------------
     0 | D:1      | bobregger the Draconian Berserker began the quest for the
                  | Orb.
     0 | D:1      | Reached XP level 1. HP: 19/19 MP: 1/1
    87 | D:1      | Found a faded altar of an unknown god.
   262 | D:1      | Reached skill level 3 in Dodging
   262 | D:1      | Reached XP level 2. HP: 26/26 MP: 2/2
   290 | D:1      | HP: 1/26 [dart slug/slug dart (5)]
   819 | D:1      | Reached XP level 3. HP: 28/33 MP: 3/3
  1020 | D:1      | Reached ** piety under Trog
  1540 | D:2      | Found an ancient bone altar of Kikubaaqudgha.
  1904 | D:2      | Reached XP level 4. HP: 38/40 MP: 4/4
  2108 | D:2      | Found a runed translucent door.
  2109 | D:2      | Noticed Crazy Yiuf
  2443 | D:2      | Killed Crazy Yiuf
  2695 | D:3      | Reached skill level 4 in Dodging
  3155 | D:3      | Reached XP level 5. HP: 34/46 MP: 5/5
  4042 | D:4      | Found a glowing drain.
  4226 | Sewer    | Entered a sewer
  4235 | Sewer    | Reached XP level 6. HP: 37/53 MP: 6/6
  4710 | D:4      | Reached skill level 5 in Dodging
  4711 | D:4      | Reached skill level 5 in Fighting
  4815 | D:4      | Found a blossoming altar of Fedhas.
  4883 | D:4      | Your scales start taking on a fiery red colour.
  4883 | D:4      | Reached XP level 7. HP: 36/61 MP: 7/7
  4883 | D:4      | Gained mutation: Your flesh is heat resistant. (rF+) [Red
                  | Draconian growth]
  5101 | D:4      | Found Onwonnog's Weapon Emporium.
  5260 | D:4      | Found a staircase to the Ecumenical Temple.
  5294 | D:4      | Found a white marble altar of Elyvilon.
  5340 | D:4      | Reached skill level 5 in Long Blades
  5434 | D:4      | Found Lizux's CLEARANCE SALE!.
  5633 | D:4      | Noticed Edmund
  5650 | D:4      | Killed Edmund
  5651 | D:4      | Reached skill level 6 in Dodging
  5811 | D:5      | Entered Level 5 of the Dungeon
  6090 | D:5      | Noticed Pikel
  6452 | D:5      | Reached XP level 8. HP: 62/70 MP: 8/8
  6761 | D:4      | Reached skill level 7 in Dodging
  7075 | D:5      | Reached skill level 8 in Dodging
  7075 | D:5      | Reached XP level 9. HP: 55/79 MP: 9/9
  7989 | D:6      | Found a snail-covered altar of Cheibriados.
  8018 | D:6      | Found a radiant altar of Vehumet.
  8071 | D:6      | Found a bloodstained altar of Trog.
  8116 | D:6      | Found a runed translucent door.
  8170 | D:6      | Reached *** piety under Trog
  8316 | D:6      | Noticed issech's ghost (amateur TrMo)
  8331 | D:6      | Killed issech's ghost
  9037 | D:7      | Noticed Joseph
  9513 | D:6      | Reached skill level 9 in Dodging
 10008 | D:6      | Killed Joseph
 10136 | D:7      | Found a glowing silver altar of Zin.
 10261 | D:7      | Noticed Duvessa
 10261 | D:7      | Noticed Dowan
 10276 | D:7      | Killed Duvessa
 10277 | D:7      | Killed Dowan
 10313 | D:7      | Found a glowing golden altar of the Shining One.
 10866 | D:8      | Noticed a wizard
 10873 | D:8      | Reached XP level 10. HP: 90/90 MP: 10/10
 10882 | D:8      | Killed a wizard
 10883 | D:8      | Reached skill level 10 in Dodging
 11657 | D:8      | Noticed a skeletal warrior
 11657 | D:8      | Noticed a skeletal warrior
 11658 | D:8      | Noticed a skeletal warrior
 11666 | D:8      | Killed a skeletal warrior
 11684 | D:8      | Killed a skeletal warrior
 11697 | D:8      | HP: 4/136 [skeletal warrior/+0 hand axe[a skeletal warrior]
                  | (14)]
 11698 | D:8      | Mangled by a skeletal warrior

Illustrated notes

Levels and vault maps discovered:
D:1:      matt_arrival_refuge, layout_basic,
          hellmonk_ecumenical_altar_crossroads, minmay_lizard_king
D:2:      layout_basic, basic_altar, grunt_ministairs_13,
          uniq_crazy_yiuf_cottage
D:3:      layout_basic
D:4:      layout_loops_ring, nicolae_elyvilon_peaceful_grove, fedhas_altar_1,
          minmay_temple_entry_glassed_door, serial_glass, glass_columns_a,
          glass_columns_a, gup_sewer_entry_bubbles, serial_shops,
          nicolae_diamond_shop, grunt_ministairs_11, nicolae_shop_clearance,
          uniq_edmund
D:5:      layout_gridville, kennysheep_generic_room_2, uniq_pikel
D:6:      layout_basic, mainiacjoe_overflow_two_lobes,
          mainiacjoe_overflow_brackets, ebering_ghost_sewer_d
D:7:      layout_basic, zin_academy, tso_metal_star, uniq_duvessa, uniq_joseph
D:8:      layout_gridville, dpeg_lair_monsters, kennysheep_island_fort

Skill      XL: |  1  2  3  4  5  6  7  8  9 10 |
---------------+-------------------------------+-----
Dodging        | 3 4 5 6 8 9 10 | 10.6
Fighting       | 4 5 6 7 8 9 |  9.3
Long Blades    | 4 5 6 7 8 |  8.6

Action                   |  1- 3 |  4- 6 |  7- 9 | 10-12 || total
-------------------------+-------+-------+-------+-------++-------
Melee: Falchion          |   124 |   186 |   357 |    88 ||   755
       Tailslap          |     9 |    28 |    59 |    14 ||   110
       Punch             |     3 |     2 |     7 |     2 ||    14
Invok: Berserk           |     1 |     3 |    12 |     2 ||    18
       Trog's Hand       |       |     1 |     5 |     2 ||     8
 Abil: Breathe Fire      |       |       |     7 |     2 ||     9
  Use: Scroll            |       |    12 |       |     2 ||    14
       Potion            |       |       |     6 |     9 ||    15
 Stab: Sleeping          |       |     1 |     2 |       ||     3
Armor: Skin              |    33 |    65 |   138 |    36 ||   272
Dodge: Dodged            |   113 |   148 |   290 |    92 ||   643
